 Dungeon Sprint DCSS version 0.28.0-53-g5a82cb258f (webtiles) character file.

Game seed: 5678928125224963940

7879 Zeld the Sorcerer (level 11, -23/54 HPs)
             Began as a Deep Elf Conjurer on May 30, 2022.
             Was a High Priest of Sif Muna.
             Shot with an arrow by a spriggan rider (31 damage)
             ... in the Dungeon (Sprint IV: "Fedhas' Mad Dash").
             The game lasted 00:05:04 (4491 turns).

Zeld the Sorcerer (Deep Elf Conjurer)               Turns: 4491, Time: 00:05:05

Health: -23/54     AC:  3    Str:  4    XL:     11   Next: 2%
Magic:  36/38      EV: 12    Int: 28    God:    Sif Muna [*****.]
Gold:   10         SH:  0    Dex: 13    Spells: 39/53 levels left

rFire   + + .      SeeInvis .   (no weapon)
rCold   . . .      Faith    .   (no shield)
rNeg    + . .      Spirit   .   n - +1 robe "Jupanyry" {rF++ rN+ Stlth+}
rPois   +          Reflect  .   (no helmet)
rElec   .          Harm     .   (no cloak)
rCorr   .          Rampage  .   (no gloves)
Will    +....      NoTele   +   (no boots)
Stlth   +++++.....              i - amulet of invisibility {+Inv}
HPRegen 0.18/turn               m - ring of poison resistance
MPRegen 0.26/turn               (no ring)

@: studying Earth Magic
A: no striking features
a: Renounce Religion, Evoke Invisibility, Channel Magic, Forget Spell, Divine
Exegesis


You were in the Dungeon.
You worshipped Sif Muna.
Sif Muna was extremely pleased with you.
You visited 1 branch You collected 236 gold pieces.
You spent 226 gold pieces at shops.

Inventory:

Armour
 n - the +1 robe "Jupanyry" (worn) {rF++ rN+ Stlth+}
   (You bought it in a shop in the Dungeon)

   rF:        It greatly protects you from fire.
   rN:        It protects you from negative energy.
   Stlth:     It makes you more stealthy.
Jewellery
 i - the amulet of invisibility (around neck) {+Inv}
   (You found it in the Dungeon)

   [amulet of nothing]

   +Inv:      It lets you turn invisible.
 m - a ring of poison resistance (left hand)
Wands
 k - a wand of flame (7)
Scrolls
 g - 2 scrolls of blinking
 h - 2 scrolls of enchant weapon {unknown}
 l - 3 scrolls of identify
Potions
 b - a potion of curing
 c - a potion of heal wounds
 d - 2 potions of haste
 e - 2 potions of magic
 f - a potion of berserk rage
 j - a potion of might {unknown}


   Skills:
 - Level 2.4 Dodging
 - Level 8.0 Stealth
 * Level 21.8 Spellcasting
 * Level 19.1 Conjurations
 - Level 2.0 Hexes
 - Level 2.0 Translocations
 + Level 10.1 Invocations


You had 39 spell levels left.
You knew the following spells:

 Your Spells              Type           Power      Damage    Failure   Level
a - Magic Dart            Conj           100%       1d8       0%          1
b - Searing Ray           Conj           100%       2d8       0%          2
c - Fulminant Prism       Conj/Hex       37%        3d18      1%          4
d - Iskenderun's Mystic   Conj/Tloc      74%        2d15      1%          4
z - Dazzling Flash        Conj/Hex       100%       N/A       1%          3

Your spell library contained the following spells:

 Spells                   Type           Power      Damage    Failure   Level
 Foxfire                  Conj/Fire      100%       2x1d9     1%          1
 Slow                     Hex            100%       N/A       1%          1
 Confusing Touch          Hex            41%        N/A       1%          3
 Conjure Flame            Conj/Fire      71%        6-21      1%          3
 Mephitic Cloud           Conj/Pois/Air  60%        N/A       1%          3
 Flame Wave               Conj/Fire      71%        2d13      1%          4
 Inner Flame              Hex/Fire       36%        N/A       2%          3
 Vampiric Draining        Necr           30%        2d8       3%          3
 Conjure Ball Lightning   Conj/Air       35%        3x3d11    3%          6
 Starburst                Conj/Fire      35%        6d10      3%          6
 Ignition                 Fire           15%        3d6       100%        8
 Fire Storm               Conj/Fire      35%        8d9       100%        9


Dungeon Overview and Level Annotations

Branches:
Dungeon (1/1)

Altars:
Cheibriados
Dithmenos
Elyvilon
Gozag
Hepliaklqana
Kikubaaqudgha
Makhleb
Nemelex Xobeh
Okawaru
Qazlal
Ru
Sif Muna
Trog
Uskayaw
Vehumet
Wu Jian
Xom
Yredelemnul
Zin
The Shining One
Beogh
Jiyva
Lugonu

Shops:
D [*::[?[[


Message History

Things that are here:
a +3 lajatang of electrocution; a +0 robe You see here a +4 quarterstaff of speed.
Things that are here:
a +3 lajatang of electrocution; a +0 robe
There is an entrance to Biulue's Book Shoppe here.
You can't go down here!
There is an entrance to Manaosaj's Book Emporium here.
You start resting.
Magic restored.
You start waiting.
Done waiting.
You start waiting.
Done waiting.
A spriggan rider comes into view.
It is wielding the +8 storm bow {elec, penet}.
Okay, then.
Casting: Iskenderun's Mystic Blast (safe; 1% risk of failure)
Confirm with . or Enter, or press ? or * to list all spells.
Aiming: Searing Ray (safe; 0% risk of failure)
Press: ? - help, Shift-Dir - straight line, f - spriggan rider
Aim: a spriggan rider, wielding the +8 storm bow {elec, penet} and quivering arrows (asleep, 100% to hit)
The searing ray hits the spriggan rider!
The spriggan rider is moderately wounded.
The spriggan rider shouts! (Press . to maintain the ray.)
The spriggan rider unwields the +8 storm bow {elec, penet}.
It stops crackling.
The spriggan rider hits the bush!
The searing ray hits the spriggan rider!
The spriggan rider is moderately wounded.
The spriggan rider wields the +8 storm bow {elec, penet}.
You hear the crackle of electricity.
The spriggan rider shoots an arrow.
The arrow completely misses you.
Unknown command.
The spriggan rider shoots an arrow.
The arrow pierces through you!!
Ouch! That really hurt!
You are electrocuted!
* * * LOW HITPOINT WARNING * * *
The spriggan rider shoots an arrow.
The arrow pierces through you!!
Ouch! That really hurt!
You die...

...#...###################.....[#
..######♣♣♣♣♣..♣.###.'..'.....(.'
####.)'......♣..♣##..#..#.......#
......#♣..♣♣♣.♣).###.##'##......#
......#.♣♣.(♣...♣'...#♣.♣########
######################))...####
..... ###..♣..♣....###
....P.#####...♣......♣...♣
...iP....@.....♣.....∩.∩..
....P...##################
#########


You could see a spriggan rider.

Vanquished Creatures
  Agnes (D)
  A spriggan defender (D)
  A spriggan berserker (D)
  A spriggan druid (D)
  6 oklob plants (D)
  A demonic crawler (D)
  3 burning bushes (D)
  3 wandering mushrooms (D)
  A queen bee (D)
  A hornet (D)
  3 scorpions (D)
  4 killer bees (D)
  5 oklob saplings (D)
  5 spriggans (D)
  A river rat (D)
  A rat (D)
  A ballistomycete spore (D)
39 creatures vanquished.

Vanquished Creatures (others)
  13 fulminant prisms (D)
  6 fungi (D)
19 creatures vanquished.

Grand Total: 58 creatures vanquished

Notes
Turn   | Place    | Note
-------+----------+-------------------------------------------
     0 | D        | Zeld the Deep Elf Conjurer began the quest for the Orb.
     0 | D        | Reached XP level 1. HP: 10/10 MP: 6/6
    14 | D        | Reached skill level 4 in Spellcasting
    14 | D        | Reached skill level 5 in Conjurations
    14 | D        | Reached skill level 1 in Hexes
    14 | D        | Reached skill level 1 in Translocations
    14 | D        | Reached XP level 2. HP: 15/15 MP: 1/9
    20 | D        | Learned a level 2 spell: Searing Ray
   125 | D        | Noticed an oklob sapling
   127 | D        | Killed an oklob sapling
   128 | D        | Reached skill level 5 in Spellcasting
   128 | D        | Reached XP level 3. HP: 19/19 MP: 7/12
   132 | D        | Learned a level 3 spell: Dazzling Flash
   421 | D        | Noticed a scorpion
   421 | D        | Found the amulet of invisibility {+Inv}
   426 | D        | Killed a scorpion
   427 | D        | Reached skill level 7 in Spellcasting
   427 | D        | Reached XP level 4. HP: 9/24 MP: 5/15
   679 | D        | Found an opulent altar of Gozag.
   679 | D        | Found a hazy altar of Hepliaklqana.
   679 | D        | Found a burning altar of Makhleb.
   679 | D        | Found a sparkling altar of Nemelex Xobeh.
   679 | D        | Found a snail-covered altar of Cheibriados.
   679 | D        | Found a sacrificial altar of Ru.
   679 | D        | Found a shimmering blue altar of Sif Muna.
   679 | D        | Found a shimmering altar of Xom.
   679 | D        | Found a basalt altar of Yredelemnul.
   680 | D        | Found a viscous altar of Jiyva.
   680 | D        | Found a bloodstained altar of Trog.
   680 | D        | Found an ornate altar of the Wu Jian Council.
   681 | D        | Found an iron altar of Okawaru.
   681 | D        | Found a shadowy altar of Dithmenos.
   681 | D        | Found a glowing silver altar of Zin.
   682 | D        | Found an ancient bone altar of Kikubaaqudgha.
   682 | D        | Found a hide-covered altar of Uskayaw.
   683 | D        | Found a stormy altar of Qazlal.
   683 | D        | Found a glowing golden altar of the Shining One.
   683 | D        | Found a white marble altar of Elyvilon.
   684 | D        | Found a radiant altar of Vehumet.
   684 | D        | Found a corrupted altar of Lugonu.
   686 | D        | Became a worshipper of Sif Muna the Loreminder
   699 | D        | Learned a level 4 spell: Fulminant Prism
   704 | D        | Learned a level 4 spell: Iskenderun's Mystic Blast
   848 | D        | Reached skill level 8 in Spellcasting
   909 | D        | Noticed a queen bee
   918 | D        | Reached skill level 5 in Stealth
   918 | D        | Reached skill level 9 in Spellcasting
   918 | D        | Reached XP level 5. HP: 28/28 MP: 11/18
   918 | D        | Reached * piety under Sif Muna
   919 | D        | Reached skill level 10 in Spellcasting
   923 | D        | Reached skill level 10 in Conjurations
   923 | D        | Reached XP level 6. HP: 32/32 MP: 4/21
  1242 | D        | Killed a queen bee
  1242 | D        | Reached ** piety under Sif Muna
  1243 | D        | Reached skill level 12 in Spellcasting
  1461 | D        | Noticed an oklob plant
  1473 | D        | Killed an oklob plant
  1474 | D        | Reached skill level 14 in Spellcasting
  1474 | D        | Reached XP level 7. HP: 36/36 MP: 8/27
  1853 | D        | Reached XP level 8. HP: 41/41 MP: 22/28
  1995 | D        | Reached *** piety under Sif Muna
  1996 | D        | Reached skill level 15 in Spellcasting
  2345 | D        | Found Zippuxko's General Store.
  2345 | D        | Found Qonkenex's Armour Emporium.
  2348 | D        | Bought a wand of flame (7) for 58 gold pieces
  2352 | D        | Noticed a burning bush
  2352 | D        | Noticed a wandering mushroom
  2357 | D        | Noticed a wandering mushroom
  2584 | D        | Killed a wandering mushroom
  2681 | D        | Killed a wandering mushroom
  2681 | D        | Reached **** piety under Sif Muna
  2682 | D        | Reached skill level 16 in Spellcasting
  2685 | D        | Killed a burning bush
  2913 | D        | Found Ymosaon's Magic Scroll Emporium.
  2913 | D        | Found Zejuxzua's Armour Shoppe.
  2920 | D        | Bought a scroll of identify for 22 gold pieces
  2920 | D        | Bought a scroll of identify for 22 gold pieces
  2920 | D        | Bought a scroll of identify for 22 gold pieces
  2958 | D        | Noticed a burning bush
  2966 | D        | Killed a burning bush
  2967 | D        | Reached skill level 17 in Spellcasting
  2967 | D        | Reached skill level 15 in Conjurations
  2967 | D        | Reached XP level 9. HP: 45/45 MP: 15/32
  3143 | D        | Noticed a burning bush
  3143 | D        | Noticed an oklob plant
  3144 | D        | Noticed a wandering mushroom
  3148 | D        | Killed a burning bush
  3149 | D        | Reached skill level 5 in Invocations
  3436 | D        | Killed a wandering mushroom
  3436 | D        | Killed an oklob plant
  3436 | D        | Reached ***** piety under Sif Muna
  3437 | D        | Reached skill level 18 in Spellcasting
  3475 | D        | Noticed a spriggan druid
  3477 | D        | Killed a spriggan druid
  3499 | D        | Noticed an oklob plant conjurer
  3506 | D        | Killed an oklob plant conjurer
  3507 | D        | Reached skill level 19 in Spellcasting
  3651 | D        | Noticed an oklob plant
  3651 | D        | Noticed an oklob plant summoner
  3652 | D        | Noticed an oklob plant shifter
  3656 | D        | Killed an oklob plant shifter
  3657 | D        | Reached XP level 10. HP: 50/50 MP: 26/35
  3659 | D        | Killed an oklob plant
  3659 | D        | Received a gift from Sif Muna
  3661 | D        | Killed an oklob plant summoner
  3664 | D        | Got Sif Muna's Collected Works on Heat {god gift}
  3757 | D        | Reached skill level 20 in Spellcasting
  3943 | D        | Noticed a spriggan rider
  3945 | D        | Found Liekaek's Antique Armour Emporium.
  3952 | D        | Found Lourriz's Armour Shoppe.
  4105 | D        | Bought a creamy pearl robe for 102 gold pieces
  4105 | D        | Identified the +1 robe "Jupanyry" {rF++ rN+ Stlth+} (You
                  | bought it in a shop in the Dungeon)
  4140 | D        | Noticed Agnes
  4145 | D        | Noticed a spriggan berserker
  4147 | D        | Noticed a death yak
  4149 | D        | Noticed a death yak
  4150 | D        | Killed a spriggan berserker
  4159 | D        | Found Manaosaj's Book Emporium.
  4160 | D        | Killed Agnes
  4160 | D        | Received a gift from Sif Muna
  4161 | D        | Reached skill level 21 in Spellcasting
  4163 | D        | Got Xifajug's Grimoire of Hurtful Air {god gift}
  4165 | D        | Found Biulue's Book Shoppe.
  4166 | D        | Noticed a spriggan defender
  4176 | D        | Killed a spriggan defender
  4177 | D        | Reached skill level 10 in Invocations
  4177 | D        | Reached XP level 11. HP: 54/54 MP: 10/38
  4484 | D        | Noticed a spriggan rider
  4491 | D        | Shot with an arrow by a spriggan rider

Illustrated notes

Levels and vault maps discovered:
D:        dungeon_sprint_fedhas [sprint_temple]

Skill      XL: |  1  2  3  4  5  6  7  8  9 10 |
---------------+-------------------------------+-----
Spellcasting   | 4 5 7 9 10 14 17 19 21 | 21.8
Conjurations   | 5 6 7 8 10 13 15 16 19 | 19.1
Hexes          | 1 2 |  2.0
Translocations | 1 2 |  2.0
Stealth        | 4 5 6 8 |  8.0
Invocations    | 4 7 10 | 10.1
Dodging        | |  2.4

Action                   |  1- 3 |  4- 6 |  7- 9 | 10-12 || total
-------------------------+-------+-------+-------+-------++-------
Melee: Unarmed           |     5 |       |       |       ||     5
 Cast: Magic Dart        |     6 |       |     1 |       ||     7
       Searing Ray       |     3 |     4 |    10 |     4 ||    21
       Iskenderun's Myst |       |     8 |    15 |    25 ||    48
       Fulminant Prism   |       |       |    10 |     3 ||    13
Invok: Channel Magic     |       |       |       |     1 ||     1
 Abil: Evoke Invisibilit |       |     5 |    10 |     1 ||    16
Armor: Robe              |     1 |       |       |       ||     1
Dodge: Dodged            |     1 |       |     5 |     7 ||    13
